[Event "African-ch Women 2019"]
[Site "Hammamet"]
[Date "2019.07.11"]
[Round "3.1"]
[White "Moaataz, Ayah"]
[Black "Wafa, Shrook"]
[Result "0-1"]
[ECO "A29"]
[WhiteElo "2031"]
[BlackElo "2144"]
[Annotator "NA"]
[PlyCount "66"]
[EventDate "2019.07.09"]
[EventType "swiss"]
[EventCountry "TUN"]
[SourceTitle "playchess.com"]
[Source "ChessBase"]
[SourceQuality "1"]
[TimeControl "5400+30"]

1. c4 e5 2. g3 Nf6 3. Bg2 d5 4. cxd5 Nxd5 5. Nc3 Nb6 6. Nf3 Nc6 7. Rb1 Be7 8. O-O O-O 9. b4 Bf5 10. b5 Nd4 11. d3 Bf6 12. Nd2 c6 13. bxc6 Nxc6 14. a4 Rc8 15. Ba3 Be7 16. Bxe7 Qxe7 17. Nd5 Nxd5 18. Bxd5 Rfd8 19. Bg2 b6 20. Re1 h5 21. h4 Nd4 22. Rc1 Rxc1 23. Qxc1 Rc8 24. Qd1 Qb4 25. Bd5 Rc2 26. Nc4 Bg4 27. f3 Qc5 28. Ne3 Nxe2+ 29. Kf2 Nd4+ 30. Kf1 Bh3+ 31. Kg1 Rb2 32. Kh1 Nf5 33. Nxf5 Qf2 0-1

[Event "African-ch Women 2019"]
[Site "Hammamet"]
[Date "2019.07.11"]
[Round "3.2"]
[White "Mwango, Lorita"]
[Black "Latreche, Sabrina"]
[Result "0-1"]
[ECO "A85"]
[WhiteElo "1931"]
[BlackElo "2062"]
[Annotator "NA"]
[PlyCount "78"]
[EventDate "2019.07.09"]
[EventType "swiss"]
[EventCountry "TUN"]
[SourceTitle "playchess.com"]
[Source "ChessBase"]
[SourceQuality "1"]
[TimeControl "5400+30"]

1. d4 f5 2. Nf3 Nf6 3. e3 e6 4. c4 b6 5. Nc3 Bb7 6. g3 Be7 7. Bg2 O-O 8. O-O Qe8 9. b3 Qh5 10. Ne5 Qxd1 11. Rxd1 Bxg2 12. Kxg2 Ne4 13. Nb5 a6 14. Na3 d6 15. Nf3 Nc6 16. Nc2 b5 17. Na3 bxc4 18. Nxc4 a5 19. Nb2 d5 20. Bd2 Nb4 21. Rdc1 c5 22. a3 Nc6 23. Na4 Rfb8 24. Nxc5 Bxc5 25. dxc5 Rxb3 26. Rc2 e5 27. Be1 Rab8 28. Nd2 Rb2 29. Rxb2 Rxb2 30. Nxe4 fxe4 31. Rd1 d4 32. Rd2 Rb1 33. Kf1 Rc1 34. exd4 exd4 35. Ke2 d3+ 36. Kf1 Nd4 37. Rb2 Nf3 38. c6 d2 39. Rxd2 Rxe1+ 0-1

[Event "African-ch Women 2019"]
[Site "Hammamet"]
[Date "2019.07.11"]
[Round "3.3"]
[White "Wafa, Shahenda"]
[Black "Mezioud, Amina"]
[Result "0-1"]
[ECO "C60"]
[WhiteElo "2175"]
[BlackElo "2128"]
[Annotator "NA"]
[PlyCount "128"]
[EventDate "2019.07.09"]
[EventType "swiss"]
[EventCountry "TUN"]
[SourceTitle "playchess.com"]
[Source "ChessBase"]
[SourceQuality "1"]
[TimeControl "5400+30"]

1. e4 e5 2. Nf3 Nc6 3. Bb5 a6 4. Ba4 Nge7 5. O-O g6 6. d4 exd4 7. Nxd4 Bg7 8. Nxc6 Nxc6 9. c3 O-O 10. f4 d6 11. f5 Ne5 12. Bb3 b5 13. Bf4 Bb7 14. Nd2 c5 15. Bc2 Qe7 16. Qe1 Rfe8 17. Qf2 Rad8 18. Rad1 Ng4 19. Qg3 Ne5 20. Rfe1 Bf6 21. Nf3 Kh8 22. Ng5 Bxg5 23. Bxg5 f6 24. Bc1 gxf5 25. Qh3 fxe4 26. Bxe4 Bxe4 27. Rxe4 Qe6 28. Qe3 Rg8 29. Rh4 Rg6 30. Rf1 Qxa2 31. Qh3 Rd7 32. Rhf4 Rf7 33. Qc8+ Kg7 34. h4 Qd5 35. Qh3 Qd3 36. Qc8 Qd5 37. Qh3 Qd3 38. Qc8 Qg3 39. R1f2 Ng4 40. Rxg4 Qxg4 41. Qxa6 Qd1+ 42. Rf1 Qd5 43. Rf2 Re7 44. Bf4 c4 45. Kh2 f5 46. Bg5 Re8 47. Qa7+ Kg8 48. Qd7 Qe5+ 49. Bf4 Qe7 50. Qxe7 Rxe7 51. h5 Rge6 52. Bg5 Rg7 53. Bh4 Rg4 54. Kh3 Ree4 55. g3 Re5 56. Bf6 Rd5 57. Bd4 Re4 58. h6 Kf7 59. Bg7 Kg6 60. b3 Rd3 61. bxc4 bxc4 62. Kh2 Kg5 63. Rb2 Kg4 64. Bf8 Ree3 0-1

[Event "African-ch Women 2019"]
[Site "Hammamet"]
[Date "2019.07.11"]
[Round "3.4"]
[White "Elansary, Eman"]
[Black "Nassr, Lina"]
[Result "1-0"]
[ECO "D05"]
[WhiteElo "1946"]
[BlackElo "1982"]
[Annotator "NA"]
[PlyCount "99"]
[EventDate "2019.07.09"]
[EventType "swiss"]
[EventCountry "TUN"]
[SourceTitle "playchess.com"]
[Source "ChessBase"]
[SourceQuality "1"]
[TimeControl "5400+30"]

1. d4 d5 2. Nf3 Nf6 3. e3 e6 4. Bd3 c5 5. c3 Bd6 6. O-O O-O 7. Ne5 b6 8. Nd2 Qc7 9. f4 Ba6 10. Bxa6 Nxa6 11. Qf3 Qb7 12. g4 Ne4 13. Qg2 f6 14. Nxe4 dxe4 15. Nc4 Bc7 16. f5 Rae8 17. a4 Qc6 18. b3 Kh8 19. Kh1 Rf7 20. Ra2 Nb8 21. Raf2 exf5 22. gxf5 Nd7 23. Ba3 a6 24. Rd1 Qd5 25. Qf1 Qc6 26. Nb2 cxd4 27. cxd4 b5 28. Rc1 Qb7 29. Rfc2 Bb8 30. axb5 axb5 31. Bc5 Rc8 32. b4 Bc7 33. Nd1 Bb6 34. Qxb5 Nxc5 35. bxc5 Ba7 36. Qxb7 Rxb7 37. Rb2 Rxb2 38. Nxb2 Kg8 39. Ra1 Rc7 40. Na4 Kf8 41. Kg2 g6 42. Nc3 Bxc5 43. Ra8+ Kg7 44. dxc5 Rxc5 45. Ra7+ Kh6 46. Nxe4 Rxf5 47. Rf7 Re5 48. Nxf6 Re6 49. Ng4+ Kg5 50. Kg3 1-0

[Event "African-ch Women 2019"]
[Site "Hammamet"]
[Date "2019.07.11"]
[Round "3.5"]
[White "February, Jesse Nikki"]
[Black "Ibrahim, Aishat"]
[Result "1-0"]
[ECO "B01"]
[WhiteElo "1888"]
[BlackElo "1661"]
[Annotator "NA"]
[PlyCount "59"]
[EventDate "2019.07.09"]
[EventType "swiss"]
[EventCountry "TUN"]
[SourceTitle "playchess.com"]
[Source "ChessBase"]
[SourceQuality "1"]
[TimeControl "5400+30"]

1. e4 d5 2. exd5 Qxd5 3. Nc3 Qd6 4. d4 Nf6 5. Nf3 a6 6. g3 Bg4 7. Bg2 Nc6 8. O-O O-O-O 9. d5 Ne5 10. Bf4 Nxf3+ 11. Bxf3 Bxf3 12. Qxf3 Qc5 13. Rad1 h6 14. Na4 Qb5 15. Qc3 Ne8 16. b3 Nd6 17. Rfe1 Kb8 18. Nc5 Rg8 19. a4 Qe8 20. Qb4 b6 21. Nxa6+ Kb7 22. Nc5+ Ka7 23. Ne4 Qd7 24. a5 g5 25. axb6+ cxb6 26. Ra1+ Kb8 27. Qxb6+ Qb7 28. Qxd8+ Qc8 29. Bxd6+ exd6 30. Ra8+ 1-0

[Event "African-ch Women 2019"]
[Site "Hammamet"]
[Date "2019.07.12"]
[Round "4.1"]
[White "Wafa, Shrook"]
[Black "Latreche, Sabrina"]
[Result "1-0"]
[ECO "C60"]
[WhiteElo "2144"]
[BlackElo "2062"]
[Annotator "NA"]
[PlyCount "43"]
[EventDate "2019.07.09"]
[EventType "swiss"]
[EventCountry "TUN"]
[SourceTitle "playchess.com"]
[Source "ChessBase"]
[SourceQuality "1"]
[TimeControl "5400+30"]

1. e4 e5 2. Nf3 Nc6 3. Bb5 g6 4. c3 Bg7 5. d4 exd4 6. cxd4 a6 7. Bxc6 dxc6 8. Nc3 Bg4 9. Be3 Bxf3 10. Qxf3 Bxd4 11. O-O-O Bxe3+ 12. Qxe3 Qf6 13. e5 Qe6 14. Ne4 h6 15. Nc5 Qxa2 16. e6 Qc4+ 17. Kb1 f5 18. Qe5 Rh7 19. Rd7 b6 20. Rxh7 bxc5 21. Rd1 a5 22. Rh8 1-0

[Event "African-ch Women 2019"]
[Site "Hammamet"]
[Date "2019.07.12"]
[Round "4.2"]
[White "Mezioud, Amina"]
[Black "February, Jesse Nikki"]
[Result "0-1"]
[ECO "C11"]
[WhiteElo "2128"]
[BlackElo "1888"]
[Annotator "NA"]
[PlyCount "42"]
[EventDate "2019.07.09"]
[EventType "swiss"]
[EventCountry "TUN"]
[SourceTitle "playchess.com"]
[Source "ChessBase"]
[SourceQuality "1"]
[TimeControl "5400+30"]

1. e4 e6 2. Nf3 d5 3. Nc3 Nf6 4. e5 Nfd7 5. d4 c5 6. dxc5 Nc6 7. Bf4 Bxc5 8. Bd3 f6 9. exf6 Nxf6 10. O-O O-O 11. Ne5 Bd7 12. Bg3 Qe7 13. Nxc6 Bxc6 14. Qe2 Rae8 15. Rfe1 Qd7 16. Be5 Ne4 17. Nd1 Nxf2 18. Ne3 d4 19. Ng4 Qd5 20. Be4 Qxe4 21. Qxe4 Nxe4 0-1

[Event "African-ch Women 2019"]
[Site "Hammamet"]
[Date "2019.07.12"]
[Round "4.3"]
[White "Ravelomanana, Sabine"]
[Black "Moaataz, Ayah"]
[Result "1/2-1/2"]
[ECO "D02"]
[WhiteElo "1832"]
[BlackElo "2031"]
[Annotator "NA"]
[PlyCount "82"]
[EventDate "2019.07.09"]
[EventType "swiss"]
[EventCountry "TUN"]
[SourceTitle "playchess.com"]
[Source "ChessBase"]
[SourceQuality "1"]
[TimeControl "5400+30"]

1. d4 d5 2. Bf4 Nf6 3. e3 e6 4. Nf3 Bd6 5. Bg3 Bxg3 6. hxg3 Qd6 7. c3 Nbd7 8. Nbd2 e5 9. dxe5 Nxe5 10. Nxe5 Qxe5 11. Nf3 Qe7 12. Bd3 c6 13. Qc2 g6 14. O-O-O Bg4 15. Rde1 Bxf3 16. gxf3 O-O-O 17. Qa4 Kb8 18. Kb1 h5 19. Rh4 Rhe8 20. Rd1 Nd7 21. Qc2 Ne5 22. Be2 Rd6 23. f4 Nd7 24. f5 Rf6 25. Rf4 Qe5 26. fxg6 fxg6 27. Bd3 g5 28. Rf5 Rxf5 29. Bxf5 Nf6 30. Rh1 Rh8 31. Bh3 Kc7 32. Kc1 Rf8 33. Rf1 Qe4 34. Qe2 Re8 35. Kd2 g4 36. f3 Qe6 37. Bg2 gxf3 38. Qxf3 Ne4+ 39. Ke2 Re7 40. Qf4+ Nd6 41. Rf3 d4 1/2-1/2

[Event "African-ch Women 2019"]
[Site "Hammamet"]
[Date "2019.07.12"]
[Round "4.4"]
[White "Ofowino, Toritsemuwa"]
[Black "Elansary, Eman"]
[Result "1/2-1/2"]
[ECO "D00"]
[WhiteElo "1877"]
[BlackElo "1946"]
[Annotator "NA"]
[PlyCount "56"]
[EventDate "2019.07.09"]
[EventType "swiss"]
[EventCountry "TUN"]
[SourceTitle "playchess.com"]
[Source "ChessBase"]
[SourceQuality "1"]
[TimeControl "5400+30"]

1. d4 d5 2. Bf4 Nf6 3. e3 e6 4. Nd2 Bd6 5. Bg3 O-O 6. Bd3 Nbd7 7. Ngf3 b6 8. Qe2 Bb7 9. Rd1 Ne4 10. Bxd6 cxd6 11. c4 Nxd2 12. Rxd2 dxc4 13. Bxc4 Nf6 14. O-O Qe7 15. Rc1 Be4 16. Bd3 Bxd3 17. Qxd3 Rac8 18. Rdc2 Qb7 19. Nd2 d5 20. Nf3 Ne4 21. Ne5 Nd6 22. Qa3 Rxc2 23. Rxc2 Nb5 24. Qd3 a6 25. a4 Na7 26. Qd1 f6 27. Nf3 Rc8 28. Qc1 Nc6 1/2-1/2

[Event "African-ch Women 2019"]
[Site "Hammamet"]
[Date "2019.07.13"]
[Round "5.1"]
[White "February, Jesse Nikki"]
[Black "Wafa, Shrook"]
[Result "0-1"]
[ECO "B76"]
[WhiteElo "1888"]
[BlackElo "2144"]
[Annotator "NA"]
[PlyCount "40"]
[EventDate "2019.07.09"]
[EventType "swiss"]
[EventCountry "TUN"]
[SourceTitle "playchess.com"]
[Source "ChessBase"]
[SourceQuality "1"]
[TimeControl "5400+30"]

1. e4 c5 2. Nf3 d6 3. d4 cxd4 4. Nxd4 Nf6 5. Nc3 g6 6. Be3 Bg7 7. f3 O-O 8. Qd2 Nc6 9. g4 Ne5 10. h4 Bd7 11. h5 Rc8 12. O-O-O Qa5 13. Kb1 Nxf3 14. Nxf3 Bxg4 15. Be2 Rxc3 16. Bd4 Nxe4 17. Qf4 Be6 18. Qxe4 Qxa2+ 19. Kc1 Bh6+ 20. Be3 Rxe3 0-1

[Event "African-ch Women 2019"]
[Site "Hammamet"]
[Date "2019.07.13"]
[Round "5.2"]
[White "Latreche, Sabrina"]
[Black "Miladi, Amen"]
[Result "*"]
[ECO "B41"]
[WhiteElo "2062"]
[BlackElo "1777"]
[Annotator "NA"]
[PlyCount "174"]
[EventDate "2019.07.09"]
[EventType "swiss"]
[EventCountry "TUN"]
[SourceTitle "playchess.com"]
[Source "ChessBase"]
[SourceQuality "1"]
[TimeControl "5400+30"]

1. e4 c5 2. Nf3 e6 3. d4 cxd4 4. Nxd4 a6 5. c4 Nf6 6. Nc3 Bb4 7. Bd3 Nc6 8. Nde2 d5 9. cxd5 exd5 10. exd5 Nxd5 11. O-O Nxc3 12. bxc3 Be7 13. Qc2 Ne5 14. Be4 Ng6 15. Rd1 Qc7 16. Be3 O-O 17. Rab1 Bd6 18. h3 Qe7 19. c4 f5 20. Bd5+ Kh8 21. c5 Bb8 22. c6 bxc6 23. Bxc6 Qc7 24. Bb6 Qh2+ 25. Kf1 Qh1+ 26. Ng1 a5 27. Bxa8 Ba6+ 28. Ke1 Qxg1+ 29. Kd2 Bf4+ 30. Kc3 Qh2 31. Bc6 Ne5 32. Rh1 Rc8 33. Rxh2 Rxc6+ 34. Kb2 Rxc2+ 35. Kxc2 Bd3+ 36. Kc3 Bxb1 37. g3 Nf3 38. Rh1 Be5+ 39. Kb3 Nd2+ 40. Ka4 Bxa2 41. Bxa5 Nc4 42. Re1 Kg8 43. Re2 Bb1 44. f4 Bf6 45. Bb4 Be4 46. Kb5 Nb2 47. Rd2 Nd3 48. Bd6 Bc3 49. Rc2 Be1 50. g4 Bg3 51. Rc8+ Kf7 52. gxf5 Bxf5 53. Rc7+ Kf6 54. Be7+ Ke6 55. Bf8 Bxf4 56. Rxg7 Bh6 57. Re7+ Kf6 58. Bxh6 Kxe7 59. h4 Ne5 60. Kc5 Kf7 61. Bg5 Nf3 62. Bd8 Kg6 63. Kd6 Kh5 64. Kd5 Nxh4 65. Ke5 Bc8 66. Kf4 Ng6+ 67. Kg3 Ne5 68. Bf6 Nf7 69. Kf4 Kg6 70. Be7 h5 71. Kg3 Bg4 72. Kf4 Bd1 73. Bh4 Nh6 74. Bg3 Nf5 75. Bh2 h4 76. Bg1 Be2 77. Bh2 Nd4 78. Ke3 Nf3 79. Bb8 Bd1 80. Kf4 Kh5 81. Bc7 Ng5 82. Bb6 Ne6+ 83. Kf5 h3 84. Bg1 Nd4+ 85. Kf4 Kh4 86. Bf2+ Kh5 87. Kg3 Nf3 *

[Event "African-ch Women 2019"]
[Site "Hammamet"]
[Date "2019.07.13"]
[Round "5.3"]
[White "Wafa, Shahenda"]
[Black "Ofowino, Toritsemuwa"]
[Result "1/2-1/2"]
[ECO "D02"]
[WhiteElo "2175"]
[BlackElo "1877"]
[Annotator "NA"]
[PlyCount "172"]
[EventDate "2019.07.09"]
[EventType "swiss"]
[EventCountry "TUN"]
[SourceTitle "playchess.com"]
[Source "ChessBase"]
[SourceQuality "1"]
[TimeControl "5400+30"]

1. d4 d5 2. Bf4 Nf6 3. e3 e6 4. Nf3 Bd6 5. Bg3 Bxg3 6. hxg3 Qd6 7. c3 Nbd7 8. Nbd2 e5 9. dxe5 Nxe5 10. Nxe5 Qxe5 11. Nf3 Qe7 12. Bd3 c6 13. Qc2 g6 14. O-O-O Bg4 15. Rde1 Bxf3 16. gxf3 O-O-O 17. Qa4 Kb8 18. Kb1 h5 19. Rh4 Rhe8 20. Rd1 Nd7 21. Qc2 Ne5 22. Be2 Rd6 23. f4 Nd7 24. f5 Rf6 25. Rf4 Qe5 26. fxg6 fxg6 27. Bd3 g5 28. Rf5 Rxf5 29. Bxf5 Nf6 30. Rh1 Rh8 31. Bh3 Kc7 32. Kc1 Rf8 33. Rf1 Qe4 34. Qe2 Re8 35. Kd2 g4 36. f3 Qe6 37. Bg2 gxf3 38. Qxf3 Ne4+ 39. Ke2 Re7 40. Qf4+ Nd6 41. Rf3 d4 42. Qxd4 Qxa2 43. Qb4 a5 44. Qa3 Qxa3 45. bxa3 b5 46. Rf6 Re5 47. Bf3 Rc5 48. Kd3 Rg5 49. a4 bxa4 50. Rf4 a3 51. Ra4 Kb6 52. Rxa3 Nf5 53. Ra4 Nxg3 54. Rh4 Kb5 55. Bd1 Kc5 56. Rc4+ Kd6 57. Rd4+ Rd5 58. Kc2 c5 59. Rf4 Nf5 60. Rf3 Ke5 61. Rh3 h4 62. Bg4 Rd8 63. Bxf5 Kxf5 64. Rxh4 Ke5 65. Ra4 Ra8 66. Kd3 Kd5 67. e4+ Kc6 68. Kc4 Re8 69. Rxa5 Rxe4+ 70. Kd3 Rh4 71. c4 Rh3+ 72. Kc2 Kd6 73. Rb5 Kc6 74. Ra5 Rh2+ 75. Kc3 Rh3+ 76. Kc2 Kd6 77. Rb5 Ra3 78. Kb2 Ra6 79. Kc3 Kc6 80. Rb8 Ra3+ 81. Kb2 Rh3 82. Rb5 Rh7 83. Kc3 Rd7 84. Kc2 Kd6 85. Kc3 Rc7 86. Rb6+ Ke5 1/2-1/2

[Event "African-ch Women 2019"]
[Site "Hammamet"]
[Date "2019.07.13"]
[Round "5.4"]
[White "Elansary, Eman"]
[Black "Ravelomanana, Sabine"]
[Result "0-1"]
[ECO "D11"]
[WhiteElo "1946"]
[BlackElo "1832"]
[Annotator "NA"]
[PlyCount "186"]
[EventDate "2019.07.09"]
[EventType "swiss"]
[EventCountry "TUN"]
[SourceTitle "playchess.com"]
[Source "ChessBase"]
[SourceQuality "1"]
[TimeControl "5400+30"]

1. d4 d5 2. Nf3 Nf6 3. e3 Bg4 4. c4 c6 5. Nc3 e6 6. Qb3 Qb6 7. c5 Qc7 8. Ne5 Bh5 9. f4 Nbd7 10. Bd3 Bg6 11. Qc2 Bxd3 12. Qxd3 Be7 13. b4 Nf8 14. O-O Ng6 15. Bd2 Nd7 16. b5 Ndxe5 17. fxe5 O-O 18. Be1 f6 19. exf6 Rxf6 20. Bg3 Rxf1+ 21. Rxf1 Qd7 22. bxc6 bxc6 23. Qa6 e5 24. Rb1 exd4 25. exd4 Bf6 26. Bf2 Nf4 27. Qb7 Qxb7 28. Rxb7 Ne6 29. Ne2 Kf8 30. Kf1 Ke8 31. Ke1 Kd8 32. Rb4 Kc8 33. Bg3 Nc7 34. Nf4 Na6 35. Ra4 Kb7 36. Nd3 Re8+ 37. Ne5 Nxc5 38. Rb4+ Ka6 39. Kd1 Bxe5 40. Bxe5 g6 41. Bg3 Ne4 42. Be1 Re7 43. Rb3 Rf7 44. Ke2 Nd6 45. Bb4 Nc4 46. Bc5 Rb7 47. Rxb7 Kxb7 48. Kf3 Nd2+ 49. Kf4 Ne4 50. Be7 Kc7 51. Ke5 Kd7 52. Bb4 a6 53. a3 h6 54. h4 h5 55. a4 g5 56. hxg5 Nxg5 57. Bc5 Ne4 58. Bb4 Nf2 59. Kf5 Nd3 60. Ba3 c5 61. dxc5 Kc6 62. Kg5 Nxc5 63. Kxh5 Ne6 64. Kg4 d4 65. Kf5 Kd5 66. g4 d3 67. Bc1 Nd4+ 68. Kf6 Nb3 69. Bf4 d2 70. Bxd2 Nxd2 71. Kf5 Ne4 72. a5 Nd6+ 73. Kf4 Ke6 74. Ke3 Nc4+ 75. Kd4 Nxa5 76. Kc5 Nb7+ 77. Kb6 a5 78. Kb5 Kf6 79. Ka4 Kg5 80. Kb5 Kxg4 81. Kc4 Kf4 82. Kb5 Ke3 83. Ka4 Kd4 84. Ka3 Nc5 85. Ka2 Kc3 86. Ka3 a4 87. Ka2 Kb4 88. Kb2 Ne4 89. Ka2 a3 90. Ka1 Kb3 91. Kb1 Nd6 92. Ka1 Nc4 93. Kb1 Ne3 0-1

[Event "African-ch Women 2019"]
[Site "Hammamet"]
[Date "2019.07.13"]
[Round "5.5"]
[White "Moaataz, Ayah"]
[Black "Mwango, Lorita"]
[Result "1/2-1/2"]
[ECO "C05"]
[WhiteElo "2031"]
[BlackElo "1931"]
[Annotator "NA"]
[PlyCount "75"]
[EventDate "2019.07.09"]
[EventType "swiss"]
[EventCountry "TUN"]
[SourceTitle "playchess.com"]
[Source "ChessBase"]
[SourceQuality "1"]
[TimeControl "5400+30"]

1. e4 e6 2. d4 d5 3. Nd2 Nf6 4. e5 Nfd7 5. f4 c5 6. c3 Nc6 7. Ndf3 cxd4 8. cxd4 Qb6 9. a3 Be7 10. b4 a6 11. Bb2 Na7 12. Bd3 g6 13. Ne2 a5 14. O-O axb4 15. axb4 Bxb4 16. Nc3 O-O 17. g4 Rb8 18. Na4 Qd8 19. f5 b5 20. Nc3 Qb6 21. Kh1 Rd8 22. Qc2 Nf8 23. Qc1 exf5 24. gxf5 Bxf5 25. Bxf5 gxf5 26. Qg5+ Ng6 27. h4 Be7 28. Qxf5 Rb7 29. h5 Nf8 30. Rg1+ Kh8 31. Qg4 Ne6 32. Nxd5 Qc6 33. Nxe7 Rxe7 34. d5 Qxd5 35. Rad1 Qa8 36. Qf5 Rg8 37. Qf6+ Ng7 38. h6 1/2-1/2

[Event "African-ch Women 2019"]
[Site "Hammamet"]
[Date "2019.07.14"]
[Round "6.1"]
[White "Wafa, Shrook"]
[Black "Ofowino, Toritsemuwa"]
[Result "1-0"]
[ECO "B07"]
[WhiteElo "2144"]
[BlackElo "1877"]
[Annotator "NA"]
[PlyCount "45"]
[EventDate "2019.07.09"]
[EventType "swiss"]
[EventCountry "TUN"]
[SourceTitle "playchess.com"]
[Source "ChessBase"]
[SourceQuality "1"]
[TimeControl "5400+30"]

1. e4 d6 2. d4 Nf6 3. Nc3 c6 4. Bd3 e5 5. dxe5 dxe5 6. Nf3 Qc7 7. Bg5 Be7 8. Qe2 Be6 9. Bc4 Bxc4 10. Qxc4 Nbd7 11. O-O-O O-O-O 12. Qxf7 Bc5 13. Qxg7 Rhg8 14. Qf7 Rdf8 15. Qe6 Re8 16. Qf5 Ref8 17. Bxf6 Rxf6 18. Rxd7 Qxd7 19. Qxf6 Bxf2 20. Nxe5 Be3+ 21. Kb1 Qe8 22. Qf5+ Kb8 23. Nd7+ 1-0

[Event "African-ch Women 2019"]
[Site "Hammamet"]
[Date "2019.07.14"]
[Round "6.2"]
[White "Latreche, Sabrina"]
[Black "Ravelomanana, Sabine"]
[Result "1-0"]
[ECO "C55"]
[WhiteElo "2062"]
[BlackElo "1832"]
[Annotator "NA"]
[PlyCount "75"]
[EventDate "2019.07.09"]
[EventType "swiss"]
[EventCountry "TUN"]
[SourceTitle "playchess.com"]
[Source "ChessBase"]
[SourceQuality "1"]
[TimeControl "5400+30"]

1. e4 e5 2. Nf3 Nc6 3. Bc4 Nf6 4. d3 Be7 5. O-O O-O 6. Re1 d6 7. a4 Bg4 8. c3 Kh8 9. a5 Nd7 10. a6 Nc5 11. b4 Nxa6 12. b5 Nc5 13. bxc6 bxc6 14. h3 Bh5 15. d4 exd4 16. cxd4 Nxe4 17. Rxe4 d5 18. Rxe7 Qxe7 19. Ba3 Bxf3 20. Bxe7 Bxd1 21. Bxf8 dxc4 22. Bc5 a5 23. Na3 Bb3 24. Rc1 a4 25. Nxc4 f6 26. Na3 Re8 27. Kf1 Kg8 28. Nc4 Ra8 29. Ke2 Kf7 30. Kd3 h5 31. Ba3 g5 32. Ne3 Ra6 33. d5 cxd5 34. Rxc7+ Kg6 35. g4 hxg4 36. hxg4 f5 37. gxf5+ Kf6 38. Bb2+ 1-0

[Event "African-ch Women 2019"]
[Site "Hammamet"]
[Date "2019.07.14"]
[Round "6.3"]
[White "Miladi, Amen"]
[Black "Moaataz, Ayah"]
[Result "0-1"]
[ECO "B19"]
[WhiteElo "1777"]
[BlackElo "2031"]
[Annotator "NA"]
[PlyCount "176"]
[EventDate "2019.07.09"]
[EventType "swiss"]
[EventCountry "TUN"]
[SourceTitle "playchess.com"]
[Source "ChessBase"]
[SourceQuality "1"]
[TimeControl "5400+30"]

1. e4 c6 2. d4 d5 3. Nc3 dxe4 4. Nxe4 Bf5 5. Ng3 Bg6 6. h4 h6 7. Nf3 Nd7 8. h5 Bh7 9. Bd3 Bxd3 10. Qxd3 e6 11. Bd2 Qc7 12. O-O-O Ngf6 13. Nf1 O-O-O 14. Ne3 Kb8 15. Nc4 Nc5 16. Qe2 Nce4 17. Be3 Ng4 18. Nfe5 Nxe3 19. Qxe3 Nf6 20. Qg3 Ka8 21. Kb1 Rg8 22. c3 Nd5 23. Qf3 f6 24. Ng6 Bd6 25. Rhe1 Rge8 26. Nxd6 Qxd6 27. c4 Nc7 28. g3 Qd7 29. Qc3 Kb8 30. Nf4 Qf7 31. Ng6 Rd7 32. f4 Red8 33. Kc1 Rd6 34. Rd2 Qd7 35. Red1 Rc8 36. Kb1 Qf7 37. Rd3 Rd7 38. Qa5 Rcd8 39. Ra3 Na6 40. Rb3 Kc8 41. Rbd3 Kb8 42. Rb3 Ka8 43. Rbd3 Rd6 44. Qc3 Nc7 45. R3d2 Ne8 46. Re1 R6d7 47. Rde2 Nc7 48. Rd2 b6 49. b4 Kb7 50. Red1 b5 51. Rc1 bxc4 52. Qxc4 Rd6 53. f5 Qe8 54. fxe6 Qxe6 55. Kb2 Qe4 56. a3 Rxd4 57. Rxd4 Rxd4 58. Qc2 Qxc2+ 59. Rxc2 Nd5 60. Nf8 Rd3 61. Rg2 Ne3 62. Rg1 Nc4+ 63. Kc2 Rxa3 64. Ne6 Ne5 65. Nxg7 Ng4 66. Nf5 Rf3 67. Nd4 Rf2+ 68. Kb3 Rd2 69. Kc4 Rh2 70. b5 cxb5+ 71. Nxb5 Rxh5 72. Ra1 Ne3+ 73. Kd3 Rxb5 74. Kxe3 a5 75. Rh1 h5 76. Rf1 a4 77. Rxf6 a3 78. Rf1 a2 79. Ra1 Ra5 80. Kd2 Kc6 81. Kc2 Kd5 82. Kb2 Ke4 83. Re1+ Kf3 84. Ka1 Kxg3 85. Re8 h4 86. Rg8+ Kh2 87. Rg6 h3 88. Rg7 Ra3 0-1

[Event "African-ch Women 2019"]
[Site "Hammamet"]
[Date "2019.07.14"]
[Round "6.4"]
[White "Mezioud, Amina"]
[Black "Marzouk, Amira"]
[Result "1-0"]
[ECO "B70"]
[WhiteElo "2128"]
[BlackElo "1667"]
[Annotator "NA"]
[PlyCount "61"]
[EventDate "2019.07.09"]
[EventType "swiss"]
[EventCountry "TUN"]
[SourceTitle "playchess.com"]
[Source "ChessBase"]
[SourceQuality "1"]
[TimeControl "5400+30"]

1. e4 c5 2. Nf3 d6 3. d4 cxd4 4. Nxd4 Nf6 5. Nc3 g6 6. Be2 Bg7 7. O-O O-O 8. Bg5 Nc6 9. Nb3 a6 10. f4 b5 11. Bf3 Bb7 12. Kh1 Qc7 13. Nd5 Nxd5 14. exd5 Na5 15. Nxa5 Qxa5 16. c3 Rfe8 17. Re1 Kf8 18. Re3 b4 19. cxb4 Qb6 20. Qe2 e5 21. dxe6 Bxf3 22. e7+ Kg8 23. Qxf3 Rac8 24. f5 Bxb2 25. fxg6 hxg6 26. Rf1 f6 27. Bh4 g5 28. Bxg5 Rc1 29. Qd5+ Kg7 30. Bxf6+ Bxf6 31. Rg3+ 1-0

[Event "African-ch Women 2019"]
[Site "Hammamet"]
[Date "2019.07.14"]
[Round "6.5"]
[White "Nassr, Lina"]
[Black "February, Jesse Nikki"]
[Result "1-0"]
[ECO "A35"]
[WhiteElo "1982"]
[BlackElo "1888"]
[Annotator "NA"]
[PlyCount "55"]
[EventDate "2019.07.09"]
[EventType "swiss"]
[EventCountry "TUN"]
[SourceTitle "playchess.com"]
[Source "ChessBase"]
[SourceQuality "1"]
[TimeControl "5400+30"]

1. c4 e5 2. e3 c5 3. Nc3 Nc6 4. Nf3 g6 5. d4 exd4 6. exd4 Bg7 7. dxc5 Qa5 8. Bd2 Qxc5 9. Bd3 Nf6 10. O-O O-O 11. Be3 Qh5 12. Be2 Ng4 13. Bf4 d6 14. h3 f5 15. Qd5+ Kh8 16. Ng5 h6 17. Nf7+ Kh7 18. Nxd6 g5 19. hxg4 fxg4 20. Bg3 Nd4 21. Bd3+ Kh8 22. Qe4 Bf5 23. Nxf5 Rxf5 24. Rfe1 Raf8 25. Nd5 a6 26. Ne7 Nf3+ 27. gxf3 gxf3 28. Nxf5 1-0

[Event "African-ch Women 2019"]
[Site "Hammamet"]
[Date "2019.07.16"]
[Round "7.1"]
[White "Mezioud, Amina"]
[Black "Wafa, Shrook"]
[Result "1/2-1/2"]
[ECO "B31"]
[WhiteElo "2128"]
[BlackElo "2144"]
[Annotator "ChessBase"]
[PlyCount "163"]
[EventDate "2019.07.09"]
[EventType "swiss"]
[EventCountry "TUN"]
[TimeControl "5400+30"]

1. e4 c5 2. Nf3 Nc6 3. Bb5 g6 4. O-O Bg7 5. c3 Nf6 6. e5 Nd5 7. d4 cxd4 8. cxd4 O-O 9. Nc3 Nxc3 10. bxc3 d6 11. exd6 Qxd6 12. Qa4 Bg4 13. Nd2 a6 14. Bxc6 Qxc6 15. Qxc6 bxc6 16. Ba3 Rfe8 17. h3 Bf5 18. f4 h5 19. Rae1 Be6 20. Nb3 Bf6 21. Kh2 Rab8 22. Rb1 Rb5 23. Bb4 Bc4 24. Rfe1 Rf5 25. Bd6 h4 26. Rb2 Kf8 27. Be5 Bxe5 28. fxe5 Rb8 29. Rc2 Bxb3 30. Rb2 f6 31. axb3 fxe5 32. dxe5 Kf7 33. Re4 g5 34. Rc4 Rb6 35. Rc5 Ke6 36. Re2 Rxb3 37. Rxc6+ Kf7 38. c4 Rf1 39. Rxa6 Rbb1 40. g4 Rh1+ 41. Kg2 Rbg1+ 42. Kf3 Rxh3+ 43. Ke4 Rf1 44. e6+ Kf6 45. Ra8 Rf4+ 46. Kd5 Rd3+ 47. Kc5 Rxg4 48. Rf8+ Kg6 49. Rf7 Rc3 50. Rxe7 Rgxc4+ 51. Kd5 Rc5+ 52. Kd4 R3c4+ 53. Kd3 Rc3+ 54. Kd4 Rc2 55. Re1 R2c4+ 56. Kd3 Rc1 57. Re4 R1c3+ 58. Kd2 R3c4 59. Re3 Rc2+ 60. Ke1 Rc1+ 61. Kf2 R5c2+ 62. Kf3 Rc3 63. Rxc3 Rxc3+ 64. Kf2 Kf6 65. Re8 Rc5 66. Kf3 Re5 67. Kg4 Rxe6 68. Rf8+ Kg7 69. Rc8 Re5 70. Rc6 Kf7 71. Rc7+ Ke6 72. Ra7 Kd5 73. Ra5+ Kd4 74. Ra3 Ke4 75. Rb3 Rd5 76. Ra3 Rd3 77. Ra4+ Ke3 78. Kxg5 h3 79. Kg4 h2 80. Ra1 Rd8 81. Kh3 Rd2 82. Kg3 1/2-1/2